 Dungeon Sprint DCSS version 0.29-a0-275-g389c0b56f3 (webtiles) character file.

Game seed: 11754249110692906562

5000000 Anunax the Sabretooth (level 16, -21/100 HPs)
             Began as a Felid Cinder Acolyte on Mar 10, 2022.
             Was a Follower of Ignis.
             Demolished by a bag of meat
             ... wielding a +9 war axe
              (32 damage)
             ... in the Dungeon (Sprint VIII: "Arena of Blood").
             The game lasted 00:05:22 (50 turns).

Anunax the Sabretooth (Felid Cinder Acolyte)          Turns: 50, Time: 00:05:23

Health: -21/100    AC:  3    Str: 12    XL:     16   Next: 73%
Magic:  44/48      EV: 38    Int: 16    God:    Ignis [*.....]
Gold:   0          SH:  0    Dex: 17    Spells: 69/69 levels left
                                        Lives:  0   Deaths: 3

rFire   + . .      SeeInvis +     - Unarmed
rCold   + . .      Faith    .   (shield unavailable)
rNeg    . . .      Spirit   .   (body armour unavailable)
rPois   .          Reflect  .   (helmet unavailable)
rElec   .          Harm     .   (cloak unavailable)
rCorr   .          Rampage  .   (gloves unavailable)
Will    ++...      NoTele   +   (boots unavailable)
Stlth   +++++.....              (no amulet)
HPRegen 0.26/turn               g - +27000 ring of slaying
MPRegen 0.31/turn               f - ring of see invisible

@: quick
A: very small, claws 1, fangs 3, see invisible, speed 1, shaggy fur 3, stealthy
paws, no weapons or thrown items, no armour, multi-lived
a: Renounce Religion, Fiery Armour, Foxfire Swarm, Rising Flame


You were in the Dungeon.
You worshipped Ignis.
Ignis was aware of your devotion.
You visited 1 branch

Inventory:

Jewellery
 f - a ring of see invisible (right paw)
 g - a +27000 ring of slaying (left paw)
Potions
 a - a potion of curing
 b - a potion of heal wounds
 c - a potion of haste
 d - 2 potions of magic
 e - a potion of berserk rage


   Skills:
 O Level 27 Fighting
 O Level 27 Dodging
 + Level 10.9 Stealth
 O Level 27 Unarmed Combat
 O Level 27 Spellcasting
 + Level 7.0 Conjurations
 + Level 10.9 Hexes
 + Level 7.7 Summonings
 + Level 7.6 Necromancy
 + Level 10.9 Translocations
 + Level 8.4 Transmutations
 O Level 27 Fire Magic
 + Level 7.0 Ice Magic
 + Level 7.0 Air Magic
 + Level 6.5 Earth Magic
 + Level 6.5 Poison Magic
 + Level 7.1 Invocations
 + Level 7.8 Evocations


You had 69 spell levels left.
You didn't know any spells.
Your spell library contained the following spells:

 Spells                   Type           Power      Damage    Failure   Level
 Scorch                   Fire           100%       2d10      0%          2


Dungeon Overview and Level Annotations

Branches:
Dungeon (1/1)

Altars:
Makhleb


Innate Abilities, Weirdness & Mutations

You have sharp claws.
You have razor-sharp teeth.
You have supernaturally acute eyesight. (SInv)
You cover ground quickly. (Speed+)
Your thick and shaggy fur keeps you warm. (AC +3, rC+)
Your paws help you pounce on unaware monsters.
You are incapable of wielding weapons or throwing items.
You cannot wear armour.
You gain extra lives every three experience levels.


Message History

* * * LOW HITPOINT WARNING * * *
You hear a shout! x5
Your Stealth skill gained 3 levels and is now at level 10!
Your Conjurations skill gained 2 levels and is now at level 6!
Your Hexes skill gained 3 levels and is now at level 10!
Your Summonings skill gained 2 levels and is now at level 7!
Your Necromancy skill gained 2 levels and is now at level 7!
Your Translocations skill gained 3 levels and is now at level 10!
Your Transmutations skill increases to level 7!
Your Ice Magic skill gained 2 levels and is now at level 6!
Your Air Magic skill gained 2 levels and is now at level 6!
Your Earth Magic skill increases to level 5!
Your Poison Magic skill increases to level 5!
Your Invocations skill increases to level 6!
Your Evocations skill gained 2 levels and is now at level 7!
You eviscerate the bag of meat!!!!!!!!!!!!
You kill the bag of meat!
You hear a shout!
The meat berserker rages.
You hear a shout!
A bag of meat comes into view. It is wielding a +9 war axe.
You hear a shout!
Your Conjurations skill increases to level 7!
Your Transmutations skill increases to level 8!
Your Ice Magic skill increases to level 7!
Your Air Magic skill increases to level 7!
Your Earth Magic skill increases to level 6!
Your Poison Magic skill increases to level 6!
Your Invocations skill increases to level 7!
Activating: Foxfire Swarm
Press: ? - help, Dir - look around, f - activate Flames leap up around you!
You hear a shout! x2
The foxfire hits the bag of meat.
The bag of meat is lightly wounded.
You hear a shout!
A destroyer comes into view. It is wielding a +9 vorpal great sword.
You hear a shout!
The bag of meat hits you with a +9 war axe!!
You die...

#################
#.......†...o.zo####
............ooO@ooo#
....##.##o#####oo.z..#
........O...o.z.ov.....
##..o..##o##......OOo..
..........O§§......ooo..
..........#§#.......#.oV
...........oo.....####.o
#......O........... ..
o#.........O.......


You could see a destroyer, 2 sculptors of flesh, 3 meat berserkers and 17 bags
of meat.

Vanquished Creatures
  13 ogres (D)
  8 orcs (D)
  A skeletal warrior (D)
22 creatures vanquished.

Vanquished Creatures (others)
  102 foxfires (D)
102 creatures vanquished.

Grand Total: 124 creatures vanquished

Notes
Turn   | Place    | Note
-------+----------+-------------------------------------------
     0 | D        | Anunax the Felid Cinder Acolyte began the quest for the
                  | Orb.
     0 | D        | Reached XP level 1. HP: 10/10 MP: 3/3
     2 | D        | Noticed a meat berserker
     2 | D        | Noticed a bag of meat
     2 | D        | Noticed a bag of meat
     3 | D        | Noticed a bag of meat
     3 | D        | Noticed a bag of meat
     4 | D        | Noticed a bag of meat
     4 | D        | Noticed a bag of meat
     5 | D        | Noticed a bag of meat
     6 | D        | Killed a meat berserker
     6 | D        | Noticed a bag of meat
     6 | D        | Noticed a bag of meat
     6 | D        | Noticed a bag of meat
     7 | D        | Reached skill level 15 in Fire Magic
     7 | D        | Reached XP level 2. HP: 28/28 MP: 3/6
     7 | D        | Reached XP level 3. HP: 31/31 MP: 4/8
     7 | D        | Reached XP level 4. HP: 36/36 MP: 4/9
     7 | D        | Reached XP level 5. HP: 40/40 MP: 4/10
     7 | D        | Gained mutation: You are covered in thick fur. (AC +2)
                  | [Felid growth]
     7 | D        | Reached XP level 6. HP: 44/44 MP: 4/11
     7 | D        | Reached XP level 7. HP: 48/48 MP: 4/12
     7 | D        | Reached XP level 8. HP: 52/52 MP: 4/13
     7 | D        | Reached XP level 9. HP: 56/56 MP: 4/14
     7 | D        | Reached XP level 10. HP: 60/60 MP: 4/15
     7 | D        | Reached XP level 11. HP: 64/64 MP: 4/16
     7 | D        | Noticed a meat berserker
     8 | D        | Noticed a bag of meat
     9 | D        | Noticed a bag of meat
    10 | D        | Killed a bag of meat
    10 | D        | Noticed a meat berserker
    10 | D        | Noticed a meat berserker
    11 | D        | Gained mutation: Your thick and shaggy fur keeps you warm.
                  | (AC +3, rC+) [Felid growth]
    11 | D        | Reached XP level 12. HP: 70/70 MP: 4/17
    11 | D        | Killed a meat berserker
    11 | D        | Noticed a bag of meat
    11 | D        | Noticed a meat berserker
    12 | D        | Reached XP level 13. HP: 78/78 MP: 4/19
    12 | D        | Killed a bag of meat
    14 | D        | Killed a bag of meat
    14 | D        | Noticed a bag of meat
    15 | D        | Reached XP level 14. HP: 8/84 MP: 4/21
    15 | D        | Killed a meat berserker
    15 | D        | Slain by a bag of meat
    16 | D        | Reached XP level 13. HP: -3/79 MP: 5/20
    16 | D        | Noticed a bag of meat
    16 | D        | Noticed a meat berserker
    16 | D        | Noticed a bag of meat
    16 | D        | Noticed a meat berserker
    16 | D        | Noticed a bag of meat
    16 | D        | Noticed a meat berserker
    16 | D        | Noticed a bag of meat
    17 | D        | Noticed a bag of meat
    17 | D        | Noticed a bag of meat
    17 | D        | Noticed a bag of meat
    18 | D        | Noticed a bag of meat
    18 | D        | Noticed a meat berserker
    19 | D        | Noticed a meat berserker
    19 | D        | Killed a meat berserker
    19 | D        | Noticed a bag of meat
    20 | D        | Reached XP level 14. HP: 88/88 MP: 21/21
    20 | D        | Killed a meat berserker
    20 | D        | Noticed a large bag of meat
    20 | D        | Noticed a meat berserker
    20 | D        | Noticed a meat berserker
    21 | D        | Reached skill level 27 in Unarmed Combat
    21 | D        | Noticed a bag of meat
    21 | D        | Noticed a bag of meat
    22 | D        | Noticed a meat berserker
    22 | D        | Killed a meat berserker
    22 | D        | Noticed a bag of meat
    22 | D        | Noticed a bag of meat
    22 | D        | Noticed a bag of meat
    22 | D        | Noticed a bag of meat
    23 | D        | Reached skill level 27 in Fighting
    23 | D        | Reached skill level 5 in Spellcasting
    23 | D        | Reached XP level 15. HP: 95/95 MP: 21/24
    23 | D        | Killed a meat berserker
    24 | D        | Reached skill level 10 in Dodging
    24 | D        | Reached skill level 10 in Spellcasting
    24 | D        | Reached skill level 27 in Fire Magic
    24 | D        | Noticed a large bag of meat
    25 | D        | Noticed a meat berserker
    26 | D        | Reached skill level 15 in Dodging
    26 | D        | Reached skill level 15 in Spellcasting
    26 | D        | Reached XP level 16. HP: 100/100 MP: 21/36
    26 | D        | Killed a meat berserker
    27 | D        | Killed a meat berserker
    28 | D        | Killed a meat berserker
    29 | D        | Reached XP level 17. HP: 26/104 MP: 22/45
    29 | D        | Noticed a meat berserker
    29 | D        | Noticed a large bag of meat
    29 | D        | Noticed a destroyer
    29 | D        | Noticed a destroyer
    29 | D        | Noticed a large bag of meat
    29 | D        | Noticed a meat berserker
    29 | D        | Noticed a destroyer
    29 | D        | Annihilated by a large bag of meat
    30 | D        | Reached XP level 16. HP: -61/100 MP: 22/44
    31 | D        | Noticed a sculptor of flesh
    34 | D        | Noticed a sculptor of flesh
    36 | D        | Annihilated by a sculptor of flesh
    37 | D        | Reached XP level 15. HP: -202/95 MP: 43/43
    38 | D        | Noticed a meat berserker
    38 | D        | Noticed a meat berserker
    40 | D        | Noticed a meat berserker
    41 | D        | Noticed a meat berserker
    42 | D        | Killed a sculptor of flesh
    43 | D        | Noticed a sculptor of flesh
    44 | D        | Killed a meat berserker
    45 | D        | Reached skill level 27 in Dodging
    45 | D        | Noticed a meat berserker
    46 | D        | Reached skill level 27 in Spellcasting
    46 | D        | Killed a meat berserker
    47 | D        | Reached XP level 16. HP: 31/100 MP: 44/48
    48 | D        | Reached skill level 5 in Summonings
    48 | D        | Reached skill level 5 in Necromancy
    48 | D        | Reached skill level 5 in Invocations
    48 | D        | Reached skill level 5 in Evocations
    48 | D        | Killed a meat berserker
    49 | D        | Reached skill level 10 in Stealth
    49 | D        | Reached skill level 10 in Hexes
    49 | D        | Reached skill level 10 in Translocations
    49 | D        | Reached skill level 5 in Earth Magic
    49 | D        | Reached skill level 5 in Poison Magic
    50 | D        | Noticed a destroyer
    50 | D        | Demolished by a bag of meat

Illustrated notes

Levels and vault maps discovered:
D:        meatsprint

Skill      XL: |  1  2  3  4  5  6  7  8  9 10 11 12 13 14 15 16 |
---------------+-------------------------------------------------+-----
Fighting       | 17 18 21 25 27 | 27.0
Unarmed Combat | 17 19 21 26 27 | 27.0
Spellcasting   | 2 3 4 5 27 23 | 27.0
Fire Magic     | 15 17 19 22 25 27 | 27.0
Dodging        | 2 27 23 | 27.0
Stealth        | 6 10 | 10.9
Conjurations   | 4 7 |  7.0
Hexes          | 6 10 | 10.9
Summonings     | 4 7 |  7.7
Necromancy     | 4 7 |  7.6
Translocations | 6 10 | 10.9
Transmutations | 4 8 |  8.4
Ice Magic      | 4 7 |  7.0
Air Magic      | 4 7 |  7.0
Earth Magic    | 3 6 |  6.5
Poison Magic   | 3 6 |  6.5
Invocations    | 4 7 |  7.1
Evocations     | 4 7 |  7.8

Action                   |  1- 3 |  4- 6 |  7- 9 | 10-12 | 13-15 | 16-18 || total
-------------------------+-------+-------+-------+-------+-------+-------++-------
Melee: Unarmed           |     1 |       |       |     2 |    14 |     6 ||    23
Invok: Foxfire Swarm     |     1 |       |       |     2 |     3 |     2 ||     8
  Use: Scroll            |       |       |       |       |       |     1 ||     1
Dodge: Dodged            |       |       |       |       |     1 |       ||     1

Table legend: (Time is in decaauts)
 A = Elapsed time spent in this place.
 B = Non-inter-level travel time spent in this place.
 C = Inter-level travel time spent in this place.
 D = Time resting spent in this place.
 E = Time spent auto-exploring this place.
 F = Levels seen in this place.
 G = Mean time per level.
                   A        B        C        D        E       F      G
               +--------+--------+--------+--------+--------+-----+--------+
         Total |     37 |     37 |      0 |      0 |      0 |   1 |   37.0 |
       Dungeon |     37 |     37 |      0 |      0 |      0 |   1 |   37.0 |
               +--------+--------+--------+--------+--------+-----+--------+

Top non-repeatable levels by time:
       D: 37 daAuts
